Map: Dash and Terminal LE (Void)

Players

CunningStunt

  • Race: Protoss Protoss
  • League: Gold

Cultivate - Winner!

  • Race: Zerg Zerg
  • League: Silver

VOD

Have the link to the VOD?

Description

Time

  • Played on: Sept. 6, 2015, 4:24 a.m.
  • Length: 15:36
Show
View Real Time Build Order
Export as new Build Order

CunningStunt Protoss 

Build Orders:  

Get SALT Encoding   

  12  0:00  Probe (Chrono Boost)  
  13  0:10  Probe (Chrono Boost)  
  14  0:18  Pylon  
  14  0:21  Probe (Chrono Boost)  
  15  0:36  Probe (Chrono Boost)  
  15  0:42  Gateway  
  16  0:46  Probe (Chrono Boost)  
  17  0:56  Probe (Chrono Boost)  
  18  1:11  Probe (Chrono Boost)  
  18  1:16  Assimilator  
  19  1:21  Probe (Chrono Boost)  
  20  1:30  Cybernetics Core  
  20  1:31  Pylon  
  20  1:32  Zealot  
  20  1:36  Probe (Chrono Boost)  
  20  1:38  Assimilator  
  23  1:49  Probe (Chrono Boost)  
  24  1:59  Probe (Chrono Boost)  
  25  2:09  Probe (Chrono Boost)  
  25  2:12  Stalker  
  28  2:16  Warp Gate  
  28  2:23  Probe (Chrono Boost)  
  29  2:34  Mothership Core (Chrono Boost)  
  31  2:38  Gateway  
  31  2:40  Gateway  
  31  2:55  Nexus  
  31  3:05  Pylon  
  31  3:11  Pylon  
  31  3:21  Robotics Facility  
  31  3:23  Probe (Chrono Boost)  
  32  3:33  Probe (Chrono Boost)  
  33  3:43  Probe (Chrono Boost)  
  33  3:44  Gateway  
  33  3:47  Gateway  
  34  3:53  Probe (Chrono Boost)  
  35  3:56  Twilight Council  
  35  4:03  Probe (Chrono Boost)  
  35  4:09  Observer  
  37  4:13  Probe (Chrono Boost)  
  37  4:16  Probe (Chrono Boost)  
  39  4:20  Assimilator  
  39  4:22  Assimilator  
  39  4:23  Probe (Chrono Boost)  
  40  4:26  Probe (Chrono Boost)  
  40  4:31  Adept x3  
  36  4:46  Probe x2  
  36  4:58  Probe x2 (Chrono Boost)  
  38  5:01  Blink  
  38  5:06  Observer  
  39  5:10  Probe (Chrono Boost)  
  39  5:12  Probe (Chrono Boost)  
  41  5:20  Probe (Chrono Boost)  
  42  5:24  Probe (Chrono Boost)  
  42  5:27  Immortal  
  47  5:30  Probe (Chrono Boost)  
  49  5:36  Probe (Chrono Boost)  
  49  5:40  Probe (Chrono Boost)  
  50  5:48  Probe (Chrono Boost)  
  51  5:52  Probe (Chrono Boost), Nexus  
  52  5:57  Pylon  
  52  6:01  Probe (Chrono Boost)  
  52  6:02  Probe (Chrono Boost)  
  55  6:12  Probe (Chrono Boost)  
  55  6:13  Probe (Chrono Boost)  
  55  6:14  Immortal  
  60  6:22  Forge  
  60  6:25  Probe (Chrono Boost), Pylon  
  62  6:27  Probe (Chrono Boost)  
  62  6:38  Probe (Chrono Boost)  
  64  6:40  Probe (Chrono Boost)  
  64  6:46  Forge  
  64  6:48  Gateway, Probe (Chrono Boost)  
  64  6:52  Gateway, Probe (Chrono Boost)  
  66  6:59  Probe (Chrono Boost)  
  67  7:03  Pylon  
  67  7:05  Probe (Chrono Boost)  
  67  7:07  Probe (Chrono Boost)  
  69  7:09  Stalker x3, Probe (Chrono Boost)  
  69  7:10  Protoss Ground Weapons Level 1 (Chrono Boost)  
  76  7:20  Stalker x2  
  80  7:23  Probe (Chrono Boost)  
  80  7:24  Probe  
  80  7:25  Probe  
  83  7:36  Stalker x2  
  86  7:53  Immortal  
  90  8:00  Probe x2  
  90  8:01  Templar Archives  
  90  8:02  Probe  
  90  8:04  Pylon  
  93  8:07  Pylon  
  93  8:12  Pylon, Protoss Ground Armor Level 1 (Chrono Boost)  
  93  8:21  Stalker x3  
  93  8:22  Stalker x2  
  103  8:32  Observer (Chrono Boost)  
  102  8:43  Stalker  
  102  8:44  Stalker  
  106  8:51  Observer (Chrono Boost)  
  106  8:54  Shield Upgrade  
  87  9:04  Stalker  
  87  9:05  Stalker x3  
  84  9:12  Observer (Chrono Boost)  
  83  9:18  Psionic Storm  
  81  9:28  Gateway  
  81  9:32  Gateway  
  81  9:34  Gateway  
  81  9:35  Sentry, Assimilator  
  81  9:37  Gateway  
  83  9:38  Gateway  
  83  9:39  Gateway, Pylon  
  83  9:40  Gateway, Pylon  
  83  9:41  Stalker x4, Pylon x2, Assimilator  
  83  9:42  Stalker  
  83  9:45  Probe x2  
  93  9:47  Probe  
  96  9:59  Probe  
  97  10:03  Stalker  
  97  10:04  Stalker  
  97  10:05  Stalker  
  103  10:18  Stalker  
  103  10:19  Stalker x2  
  103  10:20  Protoss Ground Weapons Level 2 (Chrono Boost)  
  107  10:27  Immortal (Chrono Boost)  
  111  10:38  Protoss Ground Armor Level 2 (Chrono Boost)  
  111  10:41  Probe  
  111  10:42  Probe  
  111  10:43  Probe  
  111  10:46  Stalker x3  
  111  10:47  Stalker x4  
  128  11:02  Stalker  
  129  11:07  Observer (Chrono Boost)  
  129  11:08  Probe  
  129  11:09  Probe x2  
  127  11:21  Probe  
  127  11:24  Robotics Bay  
  128  11:26  Stalker x2  
  128  11:30  Robotics Facility  
  131  11:37  Stalker x3  
  137  11:43  Observer  
  138  12:04  Observer  
  138  12:07  Probe  
  139  12:09  Probe x2  
  139  12:15  Stalker x5  
  152  12:21  Probe x2  
  154  12:22  Nexus  
  154  12:24  Pylon  
  154  12:26  Pylon  
  154  12:29  Pylon  
  154  12:43  Immortal  
  158  12:58  Probe  
  158  13:00  Probe x2  
  158  13:04  Nexus  
  161  13:08  Assimilator  
  161  13:12  Probe  
  162  13:15  Stalker x4  
  162  13:16  Stalker x5  
  170  13:20  Nexus  
  170  13:22  Observer  
  170  13:23  Assimilator  
  171  13:31  Probe  
  171  13:32  Probe  
  171  13:33  Probe  
  174  13:38  Pylon  
  174  13:40  Pylon  
  174  13:46  Pylon  
  172  13:48  Pylon  
  172  13:51  Pylon  
  178  14:17  Colossus  
  178  14:24  Probe  
  178  14:25  Probe  
  178  14:26  Probe  
  178  14:27  Probe  
  182  14:33  Adept  
  182  14:34  Adept  
  186  14:42  Adept  
  186  14:43  Adept x2  
  192  14:51  High Templar x4  
  200  14:54  Archon x2  
Show
View Real Time Build Order
Export as new Build Order

Cultivate Zerg - Winner!

Build Orders: Pool First, Lurkers 

Get SALT Encoding   

  12  0:01  Drone  
  13  0:09  Drone  
  14  0:27  Spawning Pool  
  13  0:34  Overlord  
  13  0:39  Drone  
  14  0:44  Extractor  
  14  0:45  Drone  
  14  0:57  Drone x2  
  16  1:13  Queen  
  16  1:15  Zergling x2  
  19  1:20  Drone  
  20  1:30  Overlord  
  20  1:44  Drone  
  21  1:51  Metabolic Boost  
  21  1:56  Drone  
  21  2:13  Zergling x4  
  23  2:19  Hatchery  
  22  2:26  Drone x2  
  24  2:34  Lair  
  24  2:36  Drone  
  25  2:43  Overlord  
  25  2:48  Drone  
  26  2:52  Drone  
  27  3:00  Zergling x4  
  29  3:06  Extractor  
  29  3:08  Zergling x2  
  29  3:23  Zergling x2  
  29  3:24  Zergling x6  
  33  3:30  Overlord  
  33  3:36  Zergling x4  
  35  3:45  Drone  
  35  3:47  Spore Crawler  
  35  3:50  Queen  
  37  4:03  Drone x3  
  40  4:17  Drone  
  40  4:18  Drone x3  
  44  4:31  Drone x5  
  47  4:39  Zergling x4  
  40  4:54  Drone x2  
  41  5:00  Hydralisk Den  
  41  5:05  Zergling x10  
  41  5:06  Zergling x4  
  47  5:10  Queen  
  49  5:15  Overlord  
  49  5:22  Drone x2, Extractor x2  
  49  5:31  Drone  
  49  5:32  Overlord x2  
  49  5:33  Lurker Den  
  50  5:41  Drone x3  
  51  5:50  Overlord  
  51  5:53  Drone  
  52  6:01  Drone  
  52  6:02  Drone x2  
  52  6:03  Drone x3  
  58  6:16  Hatchery  
  57  6:23  Hydralisk x3  
  63  6:28  Hydralisk  
  63  6:30  Hydralisk  
  67  6:42  Spore Crawler  
  66  6:51  Spore Crawler  
  65  7:04  Overseer  
  65  7:10  Pneumatized Carapace  
  65  7:15  Hydralisk x4  
  65  7:16  Hydralisk x4  
  65  7:19  Hydralisk  
  65  7:22  Lurker  
  84  7:24  Overlord  
  82  7:33  Lurker x3  
  82  7:56  Overlord x3  
  82  7:58  Queen  
  82  7:59  Drone x2  
  82  8:00  Drone x2  
  88  8:14  Muscular Augments  
  88  8:16  Drone x4  
  88  8:18  Hydralisk x4  
  88  8:19  Evolution Chamber  
  99  8:21  Evolution Chamber  
  93  8:44  Overlord  
  93  8:45  Overlord x3  
  93  8:46  Drone x5  
  93  8:47  Drone x3  
  101  8:49  Extractor x2  
  98  9:00  Hydralisk x3  
  98  9:01  Hydralisk  
  88  9:04  Lurker x2  
  88  9:05  Lurker  
  88  9:08  Zerg Missile Weapons Level 1  
  82  9:20  Zergling x2  
  82  9:21  Zergling x10  
  88  9:36  Lurker x3  
  88  9:37  Lurker  
  92  9:41  Roach Warren  
  91  9:46  Queen  
  91  9:50  Hatchery  
  89  10:14  Zergling x6  
  89  10:15  Zergling x8  
  93  10:22  Glial Reconstitution  
  93  10:23  Roach  
  93  10:24  Roach x5  
  93  10:25  Roach x5  
  115  10:35  Overlord x2  
  115  10:36  Overlord x2  
  115  10:49  Hydralisk x2  
  115  10:50  Hydralisk  
  121  10:59  Extractor  
  121  11:02  Zerg Ground Armor Level 1, Extractor  
  116  11:08  Hydralisk  
  116  11:09  Hydralisk x6  
  127  11:16  Drone x4  
  129  11:33  Hydralisk x2  
  129  11:34  Hydralisk x3  
  139  11:40  Zerg Missile Weapons Level 2  
  139  11:48  Infestation Pit  
  139  11:49  Ravager  
  139  11:50  Ravager x5  
  144  12:04  Hydralisk  
  144  12:05  Overlord  
  144  12:06  Overlord x4  
  144  12:08  Lurker x4  
  150  12:11  Drone  
  150  12:14  Drone  
  152  12:15  Overlord  
  152  12:18  Overlord  
  152  12:24  Lurker x4  
  156  12:43  Hydralisk  
  156  12:44  Hydralisk x4  
  164  12:54  Drone  
  164  12:55  Drone x4  
  160  13:27  Hydralisk  
  160  13:28  Hydralisk x9  
  160  13:32  Ravager x3  
  160  13:33  Ravager  
  177  14:01  Zergling x14  
  177  14:02  Zergling x14  
  191  14:04  Overlord x3  
  191  14:08  Drone x2  
  193  14:17  Hive  
  183  14:49  Lurker  
  183  14:50  Lurker  
Tags
 
Add a new tag
Caveats
  • Supply blocks, unpowered buildings, or Contaminate may cause inaccurate times.
  • Supply counts are checked every 10 seconds.